 Dungeon Crawl Stone Soup version 0.23-a0-417-gf02c810 (webtiles) character file.

11 Danwar the Skirmisher (level 2, 26/26 HPs)
             Began as a Draconian Monk on Nov 10, 2018.
             Quit the game on level 1 of the Dungeon.
             The game lasted 00:04:13 (560 turns).

Danwar the Skirmisher (Draconian Monk)               Turns: 560, Time: 00:04:14

Health: 26/26      AC:  4    Str: 13    XL:     2   Next: 17%
Magic:  2/2        EV:  8    Int: 10    God:
Gold:   27         SH: 10    Dex: 13    Spells: 1/1 levels left

rFire    . . .     SeeInvis .   a - +0 mace
rCold    . . .     Gourm    .   c - +0 large shield
rNeg     . . .     Faith    .   (armour unavailable)
rPois    .         Spirit   .   (helmet restricted)
rElec    .         Reflect  .   (no cloak)
rCorr    .         Harm     .   (no gloves)
MR       .....                  (no boots)
Stlth    ++........             (no amulet)
HPRegen  0.08/turn              (no ring)
MPRegen  0.08/turn              (no ring)

@: no status effects
A: unfitting armour, cold-blooded, AC +4
a: no special abilities


You were on level 1 of the Dungeon.
You were full.

You visited 1 branch of the dungeon, and saw 1 of its levels.

You collected 27 gold pieces.

Inventory:

Hand Weapons
 a - a +0 mace (weapon)
 g - a +0 short sword
Armour
 c - a +0 large shield (worn)
Scrolls
 h - 2 scrolls of identify {unknown}
Potions
 d - a potion of flight {unknown}
 e - a potion of resistance {unknown}
 f - 2 potions of might {unknown}
Comestibles
 b - a ration


   Skills:
 + Level 3.5 Fighting
 + Level 3.1 Maces & Flails
 + Level 3.0 Dodging
 + Level 1.7 Stealth
 + Level 0.1 Shields


You had one spell level left.
You didn't know any spells.
Your spell library was empty.

Dungeon Overview and Level Annotations

Branches:
Dungeon (1/15)

Altars:


Innate Abilities, Weirdness & Mutations

Your plain brown scales are hard. (AC +4)
You cannot fit into any form of body armour.
You are cold-blooded and may be slowed by cold attacks.


Message History

Found an escape hatch in the floor.
There is an escape hatch in the floor here.
There is an escape hatch in the floor here.
Found a ring mail.
A frilled lizard and a rat come into view.
The frilled lizard hisses angrily.
The rat twitches its whiskers.
The frilled lizard bites you but does no damage.
You block the frilled lizard's attack.
Your shield prevents you from hitting the frilled lizard.
You block the frilled lizard's attack.
The frilled lizard bites you but does no damage.
You closely miss the frilled lizard.
The frilled lizard bites you but does no damage.
You sock the frilled lizard!
You kill the frilled lizard!
You hit the rat.
You kill the rat!
You see here a frilled lizard corpse.
Are you sure you want to abandon this character and quit the game? (Confirm

#######.########..####
...............#.....
.#############.#.......
.#.. #.#..#...# .#.###
#.#..#.### .#.#..
#....#.# .#.#.#####
#.#..# # .#.#.#...#
#.#.##.# .#.#.#...#
#.#@...# .'.#...<.#
+.#†#### .#.#.#...#
#.#.# .#.#.#...# #
#.#.# .#.#.#####.#
#.#[# .#.#.......#
#.#.# .#.####.####.#
..# .#...........# #.#
.############# #.#


There were no monsters in sight!

Vanquished Creatures
  A bat (D:1)
  A goblin (D:1)
  3 hobgoblins (D:1)
  2 frilled lizards (D:1)
  3 kobolds (D:1)
  2 rats (D:1)
12 creatures vanquished.

Notes
Turn   | Place    | Note
-------+----------+-------------------------------------------
     0 | D:1      | Danwar the Draconian Monk began the quest for the Orb.
     0 | D:1      | Reached XP level 1. HP: 19/19 MP: 1/1
   454 | D:1      | Reached XP level 2. HP: 19/26 MP: 2/2
   560 | D:1      | Quit the game

Vault maps used:
D:1:      matt_arrival_refuge

Skill      XL: |  1  2 |
---------------+-------+-----
Dodging        | 3 |  3.0
Fighting       | |  3.5
Maces & Flails | |  3.1
Stealth        | |  1.7
Shields        | |  0.1

Action                   || total
-------------------------++-------
Melee: Mace              ||    35
       Tailslap          ||     3
  Eat: Ration            ||     1
Armor: Skin              ||     9
Dodge: Dodged            ||    12
Block: Large shield      ||    11

Table legend:
 A = Non-vault XP
 B = Vault XP
 C = Vault XP percentage of total XP
 D = Non-vault monster count
 E = Vault monster count
 F = Vault count percentage of total count
                 A         B        C        D         E       F
            +---------+---------+-------+---------+---------+-------
      Total |      17 |       0 |   0.0 |      12 |       0 |   0.0
            +---------+---------+-------+---------+---------+-------
        D:1 |      17 |       0 |   0.0 |      12 |       0 |   0.0
            +---------+---------+-------+---------+---------+-------
